Ice Dragons vs Sewer Rats
(R1)
Created - 1 mai 2015 at 19:50
Goals
|
| Ice Dragons |
0 |
1 |
0 |
1 |
| Sewer Rats |
2 |
1 |
5 |
8 |
|
Shots
|
| Ice Dragons |
10 |
19 |
11 |
40 |
| Sewer Rats |
8 |
7 |
14 |
29 |
|
1st period
1. Sewer Rats , Steven Reinprecht 9 (Mark Mancari, Tim Ramholt) at 10:53
2. Sewer Rats , Steven Reinprecht 10 (Tim Ramholt) at 16:27
Penalties :
Troy Brouwer (Kin) for Hooking (Minor) at 11:57, Derek Dorsett (Tol) for High sticking (Minor) at 17:29
2nd period
3. Sewer Rats , Ville Leino 13 (Steven Reinprecht) at 6:13
4. Ice Dragons , Alexander Radulov 11 (Jeff Tambellini, Joe Callahan) at 7:08 (PP)
Penalties :
John Erskine (Tol) for Tripping (Minor) at 6:53, Mark Mancari (Tol) for Holding (Minor) at 15:10
3rd period
5. Sewer Rats , Lars Eller 6 (Derek Dorsett, John Erskine) at 2:55
6. Sewer Rats , Mark Mancari 8 (Steven Reinprecht) at 4:34 (PP)
7. Sewer Rats , Kyle Turris 9 (Vojtech Polak) at 15:02
8. Sewer Rats , Ville Leino 14 (Steven Reinprecht, Mark Mancari) at 15:12
9. Sewer Rats , John-Michael Liles 3 (Unassisted) at 15:41
Penalties :
Joe Callahan (Kin) for Holding (Minor) at 4:31, Patrick O'Sullivan (Kin) for Roughing (Minor) at 11:13, John Lammers (Tol) for Hooking (Minor) at 17:43
Goalie Stats
Anders Nilsson (Kin), 8 saves from 12 shots - (0,667), 17:05 minutes
Justin Pogge (Kin), 13 saves from 17 shots - (0,765), L, 7-2-1, 42:55 minutes
Semyon Varlamov (Tol), 39 saves from 40 shots - (0,975), W, 7-2-1, 60:00 minutes
Players Stats for Ice Dragons
Player Name G A P +/- PIM S H SB GA TA FO MP PP MP PK MP
------------------------------------------------------------------------------------
Alexander Radulov 1 0 1 -3 0 5 0 0 0 2 1/4 20:23 3:17 0:00
Cal Clutterbuck 0 0 0 -1 0 2 1 0 0 0 1/1 18:03 2:39 0:47
Danny Syvret 0 0 0 -1 0 0 2 1 0 1 0/0 18:26 2:38 1:34
Jeff Tambellini 0 1 1 -3 0 3 4 1 0 1 1/2 22:12 3:17 1:39
Joe Callahan 0 1 1 0 2 0 2 0 1 0 0/0 25:52 3:23 2:12
John Mitchell 0 0 0 -2 0 2 0 0 0 0 2/7 9:06 0:00 1:09
Jonathan Blum 0 0 0 -6 0 4 0 3 0 3 0/0 22:21 2:38 0:15
Kevin Klein 0 0 0 -6 0 4 1 2 0 1 0/0 26:02 3:34 2:27
Kris Beech 0 0 0 -1 0 2 3 0 0 0 5/13 17:16 2:39 0:00
Marc-Antoine Pouliot 0 0 0 -1 0 2 0 0 0 0 3/4 9:41 0:00 0:00
Nigel Dawes 0 0 0 -1 0 1 2 0 1 0 1/1 15:29 0:16 0:18
Oskar Osala 0 0 0 -1 0 2 2 0 0 0 0/0 14:33 2:39 2:04
Patrick O'Sullivan 0 0 0 -3 2 6 3 0 0 0 12/32 20:46 3:17 0:00
Raymond Sawada 0 0 0 -2 0 0 1 0 0 0 0/0 8:04 0:16 0:00
Shean Donovan 0 0 0 -1 0 2 1 1 2 0 3/4 12:10 0:00 2:05
Tomas Kudelka 0 0 0 -1 0 0 0 1 0 0 0/0 10:12 0:11 0:00
Troy Brouwer 0 0 0 -2 2 4 2 0 1 0 0/0 8:14 0:16 0:00
Tyler Eckford 0 0 0 0 0 1 0 0 0 0 0/0 17:06 0:00 1:34
Players Stats for Sewer Rats
Player Name G A P +/- PIM S H SB GA TA FO MP PP MP PK MP
------------------------------------------------------------------------------------
Derek Dorsett 0 1 1 1 2 1 1 0 0 0 1/1 10:48 0:00 0:00
Evan Brophey 0 0 0 0 0 0 1 0 1 0 3/7 7:36 0:00 0:00
John Erskine 0 1 1 1 2 2 2 2 0 0 0/0 19:08 1:45 2:14
John Lammers 0 0 0 1 2 0 1 0 1 1 0/0 11:47 0:00 0:58
John-Michael Liles 1 0 1 4 0 0 0 2 1 0 0/0 26:38 2:16 3:46
Jordan Caron 0 0 0 0 0 0 0 0 0 0 0/0 7:36 0:00 0:00
Kyle Quincey 0 0 0 1 0 0 2 0 0 0 0/0 9:49 0:00 0:00
Kyle Turris 1 0 1 1 0 1 0 0 0 1 7/16 16:28 1:47 0:49
Lars Eller 1 0 1 1 0 1 2 0 0 0 1/3 10:47 0:00 0:00
Mark Mancari 1 2 3 4 2 1 0 0 1 0 2/3 20:22 2:14 0:40
Matt Lashoff 0 0 0 1 0 1 2 3 0 1 0/0 19:09 1:45 2:14
Mattias Ekholm 0 0 0 1 0 0 1 0 0 0 0/0 4:12 0:00 0:00
Mike Funk 0 0 0 1 0 0 0 0 0 0 0/0 4:12 0:00 0:00
Nick Palmieri 0 0 0 2 0 4 2 0 0 0 0/0 15:37 1:47 0:00
Patrick Bordeleau 0 0 0 0 0 0 2 0 0 0 0/0 9:22 0:00 1:43
Steven Kampfer 0 0 0 1 0 0 0 1 0 2 0/0 10:13 0:00 0:24
Steven Reinprecht 2 3 5 4 0 8 2 0 0 0 23/34 22:58 2:14 3:13
Tim Ramholt 0 2 2 4 0 0 2 1 0 0 0/0 26:38 2:16 3:46
Ville Leino 2 0 2 4 0 9 1 1 3 0 1/2 22:58 2:14 3:13
Vojtech Polak 0 1 1 2 0 1 0 1 1 0 1/2 17:25 1:47 1:48
3 Stars
1 - Steven Reinprecht (Tol)
2 - Ville Leino (Tol)
3 - Mark Mancari (Tol)
Power Play
Ice Dragons - 1 on 5 Attempt(s) - 20,00%
Sewer Rats - 1 on 3 Attempt(s) - 33,33%
Penalty Kill
Ice Dragons - 2 on 3 Attempt(s) - 66,67%
- Score 0 goal in Penalty Kill
Sewer Rats - 4 on 5 Attempt(s) - 80,00%
- Score 0 goal in Penalty Kill
Team Stat
Ice Dragons - Hits : 24 - Faceoff Wins : 29 - Blocked Shots : 9 - Penalty Minutes : 6
Sewer Rats - Hits : 21 - Faceoff Wins : 39 - Blocked Shots : 11 - Penalty Minutes : 8
Official
Referees : Ciamaga Chris and Meier Brad
Linesman : Don Henderson and Brian Murphy
Game Notes
Anders Nilsson enters game at 2:55 of 3rd period
15:41 of 3rd period - Penalty Shot by John-Michael Liles for Sewer Rats - Goal!
Finance
Level 1 -- Attendance: 2000 (100,00%) -- Ticket Income 60 000 $
Level 2 -- Attendance: 1000 (100,00%) -- Ticket Income 12 000 $
Total Attendance: 3000 (100,00%)
Total Ticket Income: 72 000 $
Other Income: 3 600 $
Total Income: 75 600 $
Ice Dragons
5 vs 5 Forward
Center Left Wing Right Wing Time % Phy DF OF
1 Patrick O'Sullivan Jeff Tambellini Alexander Radulov 40 0 2 3
2 Kris Beech Nigel Dawes Cal Clutterbuck 30 0 2 3
3 Marc-Antoine Pouliot Oskar Osala Shean Donovan 20 1 2 2
4 John Mitchell Troy Brouwer Raymond Sawada 10 1 3 1
5 vs 5 Defense
Defense Defense Time % Phy DF OF
1 Kevin Klein Jonathan Blum 40 0 2 3
2 Joe Callahan Tyler Eckford 30 0 2 3
3 Danny Syvret Tomas Kudelka 20 1 3 1
4 Joe Callahan Danny Syvret 10 1 3 1
PowerPlay Forward
Center Left Wing Right Wing Time % Phy DF OF
1 Patrick O'Sullivan Jeff Tambellini Alexander Radulov 60 1 1 3
2 Kris Beech Oskar Osala Cal Clutterbuck 40 1 1 3
PowerPlay Defense
Defense Defense Time % Phy DF OF
1 Joe Callahan Kevin Klein 60 1 2 2
2 Danny Syvret Jonathan Blum 40 1 2 2
Penalty Kill 4 Players Forward
Center Wing Time % Phy DF OF
1 Shean Donovan Oskar Osala 60 0 5 0
2 Jeff Tambellini Cal Clutterbuck 40 0 5 0
Penalty Kill 4 Players Defense
Defense Defense Time % Phy DF OF
1 Joe Callahan Kevin Klein 60 0 5 0
2 Danny Syvret Tyler Eckford 40 0 5 0
Penalty Kill - 3 Players Forward
Forward Time % Phy DF OF
1 Shean Donovan 60 0 5 0
2 Cal Clutterbuck 40 0 5 0
Penalty Kill - 3 Players Defense
Defense Defense Time % Phy DF OF
1 Joe Callahan Kevin Klein 60 0 5 0
2 Danny Syvret Tyler Eckford 40 0 5 0
4 vs 4 Forward
Center Wing Time % Phy DF OF
1 Kris Beech Oskar Osala 60 0 2 3
2 John Mitchell Troy Brouwer 40 0 2 3
4 vs 4 Defense
Defense Defense Time % Phy DF OF
1 Tyler Eckford Kevin Klein 60 1 2 2
2 Danny Syvret Jonathan Blum 40 1 2 2
Last Minutes Offensive
Center Left Wing Right Wing Defense Defense
Patrick O'Sullivan Jeff Tambellini Alexander Radulov Joe Callahan Kevin Klein
Last Minutes Defensive
Center Left Wing Right Wing Defense Defense
Kris Beech Jeff Tambellini Shean Donovan Joe Callahan Kevin Klein
Goaltenders
Starting : Justin Pogge
Backup : Anders Nilsson
Extra Forwards
Normal : Cal Clutterbuck, Alexander Radulov, Troy Brouwer - PP : Nigel Dawes, Cal Clutterbuck - PK : Oskar Osala
Extra Defensemen
Normal : Jonathan Blum, Tyler Eckford, Danny Syvret - PP : Tomas Kudelka - PK : Jonathan Blum, Tyler Eckford
Penalty Shots
Nigel Dawes, Jeff Tambellini, Alexander Radulov, Troy Brouwer, Cal Clutterbuck
Sewer Rats
5 vs 5 Forward
Center Left Wing Right Wing Time % Phy DF OF
1 Steven Reinprecht Ville Leino Mark Mancari 40 1 2 2
2 Kyle Turris Vojtech Polak Nick Palmieri 30 1 2 2
3 Lars Eller John Lammers Derek Dorsett 20 1 2 2
4 Evan Brophey Patrick Bordeleau Jordan Caron 10 1 2 2
5 vs 5 Defense
Defense Defense Time % Phy DF OF
1 Tim Ramholt John-Michael Liles 40 1 2 2
2 John Erskine Matt Lashoff 30 1 2 2
3 Kyle Quincey Steven Kampfer 20 1 2 2
4 Mike Funk Mattias Ekholm 10 1 2 2
PowerPlay Forward
Center Left Wing Right Wing Time % Phy DF OF
1 Steven Reinprecht Ville Leino Mark Mancari 60 1 2 2
2 Kyle Turris Vojtech Polak Nick Palmieri 40 1 2 2
PowerPlay Defense
Defense Defense Time % Phy DF OF
1 Tim Ramholt John-Michael Liles 60 1 2 2
2 John Erskine Matt Lashoff 40 1 2 2
Penalty Kill 4 Players Forward
Center Wing Time % Phy DF OF
1 Steven Reinprecht Ville Leino 60 1 2 2
2 Mark Mancari Vojtech Polak 40 1 2 2
Penalty Kill 4 Players Defense
Defense Defense Time % Phy DF OF
1 Tim Ramholt John-Michael Liles 60 1 2 2
2 John Erskine Matt Lashoff 40 1 2 2
Penalty Kill - 3 Players Forward
Forward Time % Phy DF OF
1 Steven Reinprecht 60 1 2 2
2 Ville Leino 40 1 2 2
Penalty Kill - 3 Players Defense
Defense Defense Time % Phy DF OF
1 Tim Ramholt John-Michael Liles 60 1 2 2
2 John Erskine Matt Lashoff 40 1 2 2
4 vs 4 Forward
Center Wing Time % Phy DF OF
1 Steven Reinprecht Ville Leino 60 1 2 2
2 Mark Mancari Vojtech Polak 40 1 2 2
4 vs 4 Defense
Defense Defense Time % Phy DF OF
1 Tim Ramholt John-Michael Liles 60 1 2 2
2 John Erskine Matt Lashoff 40 1 2 2
Last Minutes Offensive
Center Left Wing Right Wing Defense Defense
Steven Reinprecht Ville Leino Mark Mancari Tim Ramholt John-Michael Liles
Last Minutes Defensive
Center Left Wing Right Wing Defense Defense
Steven Reinprecht Ville Leino Mark Mancari Tim Ramholt John-Michael Liles
Goaltenders
Starting : Semyon Varlamov
Backup : Jhonas Enroth
Extra Forwards
Normal : Derek Dorsett, John Lammers, Patrick Bordeleau - PP : Derek Dorsett, John Lammers - PK : Patrick Bordeleau
Extra Defensemen
Normal : Kyle Quincey, Steven Kampfer, Mike Funk - PP : Kyle Quincey - PK : Steven Kampfer, Mike Funk
Penalty Shots
Steven Reinprecht, Ville Leino, Mark Mancari, Vojtech Polak, Nick Palmieri
% Time on Ice - Ice Dragons
Lines # - Real PCT - Wanted PCT - Time Play
Normal Forward
1 - 36% - 40% - 17:43
2 - 29% - 30% - 14:37
3 - 19% - 20% - 9:41
4 - 16% - 10% - 7:46
Normal Defense
1 - 41% - 40% - 20:33
2 - 31% - 30% - 15:17
3 - 20% - 20% - 9:44
4 - 8% - 10% - 4:13
PP Forward
1 - 57% - 60% - 3:33
2 - 43% - 40% - 2:39
PP Defense
1 - 58% - 60% - 3:34
2 - 42% - 40% - 2:38
PK Forward
1 - 80% - 60% - 3:14
2 - 20% - 40% - 0:47
PK Defense
1 - 61% - 60% - 2:27
2 - 39% - 40% - 1:34
PK3 Forward
1 - 0% - 60%
2 - 0% - 40%
PK3 Defense
1 - 0% - 60%
2 - 0% - 40%
44 Forward
1 - 0% - 60%
2 - 0% - 40%
44 Defense
1 - 0% - 60%
2 - 0% - 40%
Last Minute Offensive - 0:00
Last Minute Defensive - 0:00
Total
Forward - 60:00
Defense - 60:00
|
% Time on Ice - Sewer Rats
Lines # - Real PCT - Wanted PCT - Time Play
Normal Forward
1 - 35% - 40% - 17:34
2 - 28% - 30% - 13:50
3 - 22% - 20% - 10:47
4 - 15% - 10% - 7:36
Normal Defense
1 - 41% - 40% - 20:36
2 - 30% - 30% - 15:10
3 - 20% - 20% - 9:49
4 - 8% - 10% - 4:12
PP Forward
1 - 56% - 60% - 2:14
2 - 44% - 40% - 1:47
PP Defense
1 - 56% - 60% - 2:16
2 - 44% - 40% - 1:45
PK Forward
1 - 80% - 60% - 4:58
2 - 20% - 40% - 1:14
PK Defense
1 - 64% - 60% - 3:58
2 - 36% - 40% - 2:14
PK3 Forward
1 - 0% - 60%
2 - 0% - 40%
PK3 Defense
1 - 0% - 60%
2 - 0% - 40%
44 Forward
1 - 0% - 60%
2 - 0% - 40%
44 Defense
1 - 0% - 60%
2 - 0% - 40%
Last Minute Offensive - 0:00
Last Minute Defensive - 0:00
Total
Forward - 60:00
Defense - 60:00
|
Play by Play
1st period
0:01 of 1st period - Steven Reinprecht wins face-off versus Patrick O'Sullivan in neutral zone.
0:14 of 1st period - Wrist shot by Steven Reinprecht.
0:14 of 1st period - Stopped by Justin Pogge with a rebound.
0:26 of 1st period - Kyle Turris is hit by Kris Beech and loses puck.
0:57 of 1st period - Wrist shot by Shean Donovan.
0:57 of 1st period - Shot Blocked by Matt Lashoff.
1:31 of 1st period - Off-side.
1:32 of 1st period - Kyle Turris wins face-off versus Kris Beech in neutral zone.
1:37 of 1st period - Danny Syvret is hit by Nick Palmieri and loses puck.
2:54 of 1st period - Off-side.
2:55 of 1st period - Patrick O'Sullivan wins face-off versus Mark Mancari in neutral zone.
3:30 of 1st period - Off-side.
3:31 of 1st period - Kris Beech wins face-off versus Steven Reinprecht in neutral zone.
3:42 of 1st period - Ville Leino is hit by Kris Beech and loses puck.
4:09 of 1st period - Wrist shot by Patrick O'Sullivan.
4:09 of 1st period - Shot Misses the Net.
5:11 of 1st period - Wrist shot by Kris Beech.
5:11 of 1st period - Shot Misses the Net.
5:13 of 1st period - Wrist shot by Cal Clutterbuck.
5:13 of 1st period - Stopped by Semyon Varlamov without a rebound.
5:14 of 1st period - Vojtech Polak wins face-off versus Patrick O'Sullivan in Sewer Rats zone.
5:40 of 1st period - Ville Leino is hit by Kris Beech and loses puck.
6:22 of 1st period - John Lammers is hit by Oskar Osala.
6:28 of 1st period - Snap shot by Derek Dorsett.
6:28 of 1st period - Deflect By John Lammers.
6:28 of 1st period - Shot Misses the Net.
6:28 of 1st period - Puck is out of play.
6:29 of 1st period - Steven Reinprecht wins face-off versus Patrick O'Sullivan in Ice Dragons zone.
6:40 of 1st period - Tim Ramholt is hit by Jeff Tambellini and loses puck.
6:45 of 1st period - Wrist shot by Jeff Tambellini.
6:45 of 1st period - Stopped by Semyon Varlamov with a rebound.
8:27 of 1st period - Snap shot by Kris Beech.
8:27 of 1st period - Stopped by Semyon Varlamov with a rebound.
8:29 of 1st period - Slapshot by Jonathan Blum.
8:29 of 1st period - Deflect By John Erskine.
8:29 of 1st period - Stopped by Semyon Varlamov without a rebound.
8:30 of 1st period - Steven Reinprecht wins face-off versus Alexander Radulov in Sewer Rats zone.
8:37 of 1st period - Wrist shot by Ville Leino.
8:37 of 1st period - Shot Blocked by Kevin Klein.
8:39 of 1st period - Snap shot by Ville Leino.
8:39 of 1st period - Stopped by Justin Pogge with a rebound.
8:55 of 1st period - Kyle Turris is hit by Nigel Dawes and loses puck.
9:24 of 1st period - Lars Eller is hit by Troy Brouwer and loses puck.
9:43 of 1st period - Wrist shot by Steven Reinprecht.
9:43 of 1st period - Stopped by Justin Pogge without a rebound.
9:44 of 1st period - Steven Reinprecht wins face-off versus Patrick O'Sullivan in Ice Dragons zone.
9:45 of 1st period - Wrist shot by Ville Leino.
9:45 of 1st period - Stopped by Justin Pogge with a rebound.
10:07 of 1st period - Snap shot by Ville Leino.
10:07 of 1st period - Stopped by Justin Pogge with a rebound.
10:25 of 1st period - Wrist shot by Steven Reinprecht.
10:25 of 1st period - Shot Blocked by Kevin Klein.
10:53 of 1st period - Wrist shot by Mark Mancari.
10:53 of 1st period - Deflect By Steven Reinprecht.
10:53 of 1st period - Goal by Steven Reinprecht - Ice Dragons : 0 - Sewer Rats : 1.
10:54 of 1st period - Kris Beech wins face-off versus Kyle Turris in neutral zone.
11:19 of 1st period - Marc-Antoine Pouliot is hit by Derek Dorsett and loses puck.
11:28 of 1st period - Snap shot by Marc-Antoine Pouliot.
11:28 of 1st period - Stopped by Semyon Varlamov with a rebound.
11:35 of 1st period - Icing by John Erskine.
11:36 of 1st period - Evan Brophey wins face-off versus John Mitchell in Sewer Rats zone.
11:36 of 1st period - Evan Brophey is hit by Raymond Sawada.
11:42 of 1st period - Tomas Kudelka is hit by John Erskine and loses puck.
11:57 of 1st period - Minor Penalty to Troy Brouwer for Hooking.
11:58 of 1st period - Shean Donovan wins face-off versus Steven Reinprecht in Ice Dragons zone.
11:58 of 1st period - Shean Donovan is hit by Tim Ramholt.
12:27 of 1st period - Icing by Nick Palmieri.
12:28 of 1st period - Shean Donovan wins face-off versus Kyle Turris in Sewer Rats zone.
12:53 of 1st period - Wrist shot by Nick Palmieri.
12:53 of 1st period - Stopped by Justin Pogge with a rebound.
12:55 of 1st period - Snap shot by Vojtech Polak.
12:55 of 1st period - Shot Misses the Net.
13:57 of 1st period - Penalty to Troy Brouwer is over, Troy Brouwer is back on ice.
14:26 of 1st period - Off-side.
14:27 of 1st period - Patrick O'Sullivan wins face-off versus Evan Brophey in neutral zone.
14:35 of 1st period - Danny Syvret is hit by Patrick Bordeleau.
15:49 of 1st period - Slapshot by John Mitchell.
15:49 of 1st period - Deflect By Troy Brouwer.
15:49 of 1st period - Stopped by Semyon Varlamov without a rebound.
15:50 of 1st period - John Mitchell wins face-off versus Evan Brophey in Sewer Rats zone.
15:51 of 1st period - Snap shot by Troy Brouwer.
15:51 of 1st period - Stopped by Semyon Varlamov without a rebound.
15:52 of 1st period - Steven Reinprecht wins face-off versus John Mitchell in Sewer Rats zone.
16:17 of 1st period - Snap shot by John Mitchell.
16:17 of 1st period - Shot Misses the Net.
16:27 of 1st period - Wrist shot by Steven Reinprecht.
16:27 of 1st period - Goal by Steven Reinprecht - Ice Dragons : 0 - Sewer Rats : 2.
16:28 of 1st period - Patrick O'Sullivan wins face-off versus Kyle Turris in neutral zone.
17:29 of 1st period - Minor Penalty to Derek Dorsett for High sticking.
17:30 of 1st period - Patrick O'Sullivan wins face-off versus Ville Leino in Sewer Rats zone.
17:40 of 1st period - Tim Ramholt is hit by Danny Syvret and loses puck.
18:27 of 1st period - Steven Reinprecht is hit by Danny Syvret and loses puck.
19:20 of 1st period - Wrist shot by Nigel Dawes.
19:20 of 1st period - Stopped by Semyon Varlamov with a rebound.
19:22 of 1st period - Snap shot by Raymond Sawada.
19:22 of 1st period - Deflect By Troy Brouwer.
19:22 of 1st period - Shot Blocked by John-Michael Liles.
19:22 of 1st period - Puck is out of play.
19:23 of 1st period - Nigel Dawes wins face-off versus Steven Reinprecht in Sewer Rats zone.
19:26 of 1st period - Snap shot by Troy Brouwer.
19:26 of 1st period - Stopped by Semyon Varlamov with a rebound.
19:28 of 1st period - Snap shot by Kevin Klein.
19:28 of 1st period - Shot Misses the Net.
19:29 of 1st period - Penalty to Derek Dorsett is over, Derek Dorsett is back on ice.
19:30 of 1st period - Slapshot by Kevin Klein.
19:30 of 1st period - Deflect By Raymond Sawada.
19:30 of 1st period - Shot Hit the Post.
19:30 of 1st period - Puck is out of play.
19:31 of 1st period - Kris Beech wins face-off versus Vojtech Polak in Sewer Rats zone.
19:36 of 1st period - Snap shot by Cal Clutterbuck.
19:36 of 1st period - Shot Misses the Net.
19:58 of 1st period - Wrist shot by Shean Donovan.
19:58 of 1st period - Deflect By Oskar Osala.
19:58 of 1st period - Stopped by Semyon Varlamov with a rebound.
Goals for this period are 0 for Ice Dragons vs 2 for Sewer Rats.
Shots for this period are 10 for Ice Dragons vs 8 for Sewer Rats.
2nd period
0:01 of 2nd period - Patrick O'Sullivan wins face-off versus Steven Reinprecht in neutral zone.
0:01 of 2nd period - Kevin Klein is hit by Steven Reinprecht.
0:48 of 2nd period - Kris Beech is hit by Kyle Quincey and loses puck.
1:11 of 2nd period - Snap shot by John Mitchell.
1:11 of 2nd period - Stopped by Semyon Varlamov with a rebound.
1:13 of 2nd period - Slapshot by Joe Callahan.
1:13 of 2nd period - Shot Blocked by Steven Kampfer.
1:15 of 2nd period - Slapshot by Tyler Eckford.
1:15 of 2nd period - Stopped by Semyon Varlamov with a rebound.
1:54 of 2nd period - Vojtech Polak is hit by Shean Donovan and loses puck.
2:39 of 2nd period - Snap shot by John Mitchell.
2:39 of 2nd period - Shot Blocked by Ville Leino.
2:41 of 2nd period - Slapshot by Jonathan Blum.
2:41 of 2nd period - Shot Misses the Net.
2:43 of 2nd period - Slapshot by Jonathan Blum.
2:43 of 2nd period - Stopped by Semyon Varlamov with a rebound.
2:45 of 2nd period - Slapshot by Kevin Klein.
2:45 of 2nd period - Stopped by Semyon Varlamov with a rebound.
2:59 of 2nd period - Steven Reinprecht is hit by Joe Callahan and loses puck.
4:23 of 2nd period - Snap shot by Alexander Radulov.
4:23 of 2nd period - Stopped by Semyon Varlamov without a rebound.
4:24 of 2nd period - Kyle Turris wins face-off versus Patrick O'Sullivan in Sewer Rats zone.
4:49 of 2nd period - Steven Reinprecht is hit by Kevin Klein and loses puck.
5:33 of 2nd period - Slapshot by Alexander Radulov.
5:33 of 2nd period - Shot Misses the Net.
6:02 of 2nd period - Wrist shot by Vojtech Polak.
6:02 of 2nd period - Shot Hit the Post.
6:11 of 2nd period - Icing by Kris Beech.
6:12 of 2nd period - Steven Reinprecht wins face-off versus John Mitchell in Ice Dragons zone.
6:13 of 2nd period - Wrist shot by Ville Leino.
6:13 of 2nd period - Goal by Ville Leino - Ice Dragons : 0 - Sewer Rats : 3.
6:14 of 2nd period - Steven Reinprecht wins face-off versus Patrick O'Sullivan in neutral zone.
6:39 of 2nd period - John-Michael Liles is hit by Nigel Dawes and loses puck.
6:44 of 2nd period - Wrist shot by Cal Clutterbuck.
6:44 of 2nd period - Shot Blocked by Vojtech Polak.
6:46 of 2nd period - Slapshot by Joe Callahan.
6:46 of 2nd period - Deflect By Kris Beech.
6:46 of 2nd period - Shot Misses the Net.
6:46 of 2nd period - Puck is out of play.
6:47 of 2nd period - Steven Reinprecht wins face-off versus Kris Beech in Sewer Rats zone.
6:53 of 2nd period - Minor Penalty to John Erskine for Tripping.
6:54 of 2nd period - Steven Reinprecht wins face-off versus Patrick O'Sullivan in Sewer Rats zone.
6:54 of 2nd period - Steven Reinprecht is hit by Patrick O'Sullivan.
7:08 of 2nd period - Snap shot by Alexander Radulov.
7:08 of 2nd period - Goal by Alexander Radulov - Ice Dragons : 1 - Sewer Rats : 3.
7:09 of 2nd period - Mark Mancari wins face-off versus Alexander Radulov in neutral zone.
7:12 of 2nd period - Snap shot by Steven Reinprecht.
7:12 of 2nd period - Shot Misses the Net.
7:14 of 2nd period - Wrist shot by Steven Reinprecht.
7:14 of 2nd period - Shot Misses the Net.
7:34 of 2nd period - Kris Beech is hit by Lars Eller and loses puck.
7:41 of 2nd period - Wrist shot by Nigel Dawes.
7:41 of 2nd period - Deflect By Kris Beech.
7:41 of 2nd period - Stopped by Semyon Varlamov with a rebound.
7:43 of 2nd period - Slapshot by Cal Clutterbuck.
7:43 of 2nd period - Shot Blocked by Tim Ramholt.
7:45 of 2nd period - Wrist shot by Joe Callahan.
7:45 of 2nd period - Shot Misses the Net.
8:01 of 2nd period - Wrist shot by Kyle Turris.
8:01 of 2nd period - Shot Blocked by Shean Donovan.
8:20 of 2nd period - Snap shot by John Mitchell.
8:20 of 2nd period - Stopped by Semyon Varlamov without a rebound.
8:21 of 2nd period - John Mitchell wins face-off versus Evan Brophey in Sewer Rats zone.
8:26 of 2nd period - Snap shot by Troy Brouwer.
8:26 of 2nd period - Shot Blocked by Matt Lashoff.
8:28 of 2nd period - Slapshot by Kevin Klein.
8:28 of 2nd period - Deflect By Troy Brouwer.
8:28 of 2nd period - Stopped by Semyon Varlamov with a rebound.
8:30 of 2nd period - Slapshot by Jonathan Blum.
8:30 of 2nd period - Deflect By John Mitchell.
8:30 of 2nd period - Shot Blocked by John Erskine.
8:30 of 2nd period - Puck is out of play.
8:31 of 2nd period - Patrick O'Sullivan wins face-off versus Steven Reinprecht in Sewer Rats zone.
8:41 of 2nd period - Slapshot by Ville Leino.
8:41 of 2nd period - Stopped by Justin Pogge with a rebound.
8:43 of 2nd period - Wrist shot by Steven Reinprecht.
8:43 of 2nd period - Stopped by Justin Pogge with a rebound.
8:45 of 2nd period - Wrist shot by Steven Reinprecht.
8:45 of 2nd period - Stopped by Justin Pogge without a rebound.
8:46 of 2nd period - Cal Clutterbuck wins face-off versus Kyle Turris in Ice Dragons zone.
8:55 of 2nd period - Wrist shot by Cal Clutterbuck.
8:55 of 2nd period - Stopped by Semyon Varlamov with a rebound.
9:13 of 2nd period - Steven Reinprecht is hit by Patrick O'Sullivan.
9:19 of 2nd period - Backhand shot by Alexander Radulov.
9:19 of 2nd period - Deflect By Patrick O'Sullivan.
9:19 of 2nd period - Stopped by Semyon Varlamov without a rebound.
9:20 of 2nd period - Steven Reinprecht wins face-off versus Patrick O'Sullivan in Sewer Rats zone.
9:20 of 2nd period - Steven Reinprecht is hit by Joe Callahan.
9:30 of 2nd period - Slapshot by Ville Leino.
9:30 of 2nd period - Shot Hit the Post.
10:26 of 2nd period - Jordan Caron is hit by Jeff Tambellini and loses puck.
10:45 of 2nd period - Mark Mancari is hit by Troy Brouwer and loses puck.
11:06 of 2nd period - Snap shot by Vojtech Polak.
11:06 of 2nd period - Shot Blocked by Tomas Kudelka.
11:08 of 2nd period - Snap shot by Nick Palmieri.
11:08 of 2nd period - Shot Misses the Net.
11:10 of 2nd period - Slapshot by Steven Kampfer.
11:10 of 2nd period - Shot Blocked by Danny Syvret.
11:12 of 2nd period - Snap shot by Nick Palmieri.
11:12 of 2nd period - Stopped by Justin Pogge without a rebound.
11:13 of 2nd period - Jeff Tambellini wins face-off versus Steven Reinprecht in Ice Dragons zone.
11:20 of 2nd period - Snap shot by Alexander Radulov.
11:20 of 2nd period - Stopped by Semyon Varlamov without a rebound.
11:21 of 2nd period - Steven Reinprecht wins face-off versus Patrick O'Sullivan in Sewer Rats zone.
11:26 of 2nd period - Ville Leino is hit by Patrick O'Sullivan and loses puck.
11:49 of 2nd period - Snap shot by Alexander Radulov.
11:49 of 2nd period - Shot Misses the Net.
11:51 of 2nd period - Wrist shot by Jeff Tambellini.
11:51 of 2nd period - Shot Misses the Net.
11:53 of 2nd period - Wrist shot by Jeff Tambellini.
11:53 of 2nd period - Shot Misses the Net.
11:55 of 2nd period - Snap shot by Patrick O'Sullivan.
11:55 of 2nd period - Stopped by Semyon Varlamov with a rebound.
11:57 of 2nd period - Slapshot by Jeff Tambellini.
11:57 of 2nd period - Shot Misses the Net.
11:59 of 2nd period - Slapshot by Jonathan Blum.
11:59 of 2nd period - Stopped by Semyon Varlamov with a rebound.
12:01 of 2nd period - Slapshot by Alexander Radulov.
12:01 of 2nd period - Shot Misses the Net.
12:03 of 2nd period - Wrist shot by Patrick O'Sullivan.
12:03 of 2nd period - Shot Misses the Net.
12:05 of 2nd period - Slapshot by Jeff Tambellini.
12:05 of 2nd period - Shot Misses the Net.
12:11 of 2nd period - Snap shot by Patrick O'Sullivan.
12:11 of 2nd period - Stopped by Semyon Varlamov without a rebound.
12:12 of 2nd period - Kyle Turris wins face-off versus Kris Beech in Sewer Rats zone.
12:21 of 2nd period - Slapshot by John Erskine.
12:21 of 2nd period - Stopped by Justin Pogge without a rebound.
12:22 of 2nd period - Kyle Turris wins face-off versus Kris Beech in Ice Dragons zone.
12:47 of 2nd period - Slapshot by Kyle Turris.
12:47 of 2nd period - Deflect By Nick Palmieri.
12:47 of 2nd period - Shot Misses the Net.
12:47 of 2nd period - Puck is out of play.
12:48 of 2nd period - Steven Reinprecht wins face-off versus Patrick O'Sullivan in Ice Dragons zone.
12:59 of 2nd period - Wrist shot by Jeff Tambellini.
12:59 of 2nd period - Deflect By Patrick O'Sullivan.
12:59 of 2nd period - Stopped by Semyon Varlamov with a rebound.
13:01 of 2nd period - Snap shot by Kevin Klein.
13:01 of 2nd period - Deflect By Jeff Tambellini.
13:01 of 2nd period - Stopped by Semyon Varlamov without a rebound.
13:02 of 2nd period - Patrick O'Sullivan wins face-off versus Kyle Turris in Sewer Rats zone.
13:03 of 2nd period - Backhand shot by Alexander Radulov.
13:03 of 2nd period - Shot Misses the Net.
13:05 of 2nd period - Snap shot by Jeff Tambellini.
13:05 of 2nd period - Stopped by Semyon Varlamov with a rebound.
13:07 of 2nd period - Snap shot by Patrick O'Sullivan.
13:07 of 2nd period - Stopped by Semyon Varlamov without a rebound.
13:08 of 2nd period - Alexander Radulov wins face-off versus Kyle Turris in Sewer Rats zone.
13:39 of 2nd period - Wrist shot by Steven Reinprecht.
13:39 of 2nd period - Shot Misses the Net.
13:41 of 2nd period - Snap shot by John-Michael Liles.
13:41 of 2nd period - Shot Misses the Net.
13:43 of 2nd period - Slapshot by Tim Ramholt.
13:43 of 2nd period - Deflect By Steven Reinprecht.
13:43 of 2nd period - Stopped by Justin Pogge with a rebound.
14:42 of 2nd period - Snap shot by Evan Brophey.
14:42 of 2nd period - Shot Blocked by Jeff Tambellini.
15:10 of 2nd period - Minor Penalty to Mark Mancari for Holding.
15:11 of 2nd period - Steven Reinprecht wins face-off versus Patrick O'Sullivan in Sewer Rats zone.
17:10 of 2nd period - Penalty to Mark Mancari is over, Mark Mancari is back on ice.
17:42 of 2nd period - Mike Funk is hit by Jeff Tambellini and loses puck.
18:22 of 2nd period - Tomas Kudelka is hit by Mattias Ekholm and loses puck.
18:29 of 2nd period - Mattias Ekholm is hit by Cal Clutterbuck and loses puck.
19:05 of 2nd period - Icing by Patrick Bordeleau.
19:06 of 2nd period - Steven Reinprecht wins face-off versus John Mitchell in Sewer Rats zone.
19:52 of 2nd period - Oskar Osala is hit by Evan Brophey and loses puck.
Goals for this period are 1 for Ice Dragons vs 1 for Sewer Rats.
Shots for this period are 19 for Ice Dragons vs 7 for Sewer Rats.
3rd period
0:01 of 3rd period - Patrick O'Sullivan wins face-off versus Steven Reinprecht in neutral zone.
0:44 of 3rd period - Kevin Klein is hit by Matt Lashoff and loses puck.
0:47 of 3rd period - Slapshot by Kevin Klein.
0:47 of 3rd period - Deflect By Lars Eller.
0:47 of 3rd period - Stopped by Semyon Varlamov without a rebound.
0:48 of 3rd period - Marc-Antoine Pouliot wins face-off versus Lars Eller in Sewer Rats zone.
1:01 of 3rd period - Wrist shot by Oskar Osala.
1:01 of 3rd period - Shot Blocked by Matt Lashoff.
1:19 of 3rd period - Off-side.
1:20 of 3rd period - Steven Reinprecht wins face-off versus Patrick O'Sullivan in neutral zone.
1:36 of 3rd period - Wrist shot by Steven Reinprecht.
1:36 of 3rd period - Stopped by Justin Pogge without a rebound.
1:37 of 3rd period - Kyle Turris wins face-off versus Kris Beech in Ice Dragons zone.
1:38 of 3rd period - Slapshot by Vojtech Polak.
1:38 of 3rd period - Shot Misses the Net.
2:25 of 3rd period - Snap shot by Shean Donovan.
2:25 of 3rd period - Stopped by Semyon Varlamov without a rebound.
2:26 of 3rd period - Derek Dorsett wins face-off versus Marc-Antoine Pouliot in Sewer Rats zone.
2:55 of 3rd period - Backhand shot by Lars Eller.
2:55 of 3rd period - Goal by Lars Eller - Ice Dragons : 1 - Sewer Rats : 4.
2:55 of 3rd period - Anders Nilsson enters game.
2:56 of 3rd period - Patrick O'Sullivan wins face-off versus Steven Reinprecht in neutral zone.
3:48 of 3rd period - Snap shot by John Erskine.
3:48 of 3rd period - Deflect By Kris Beech.
3:48 of 3rd period - Stopped by Anders Nilsson without a rebound.
3:49 of 3rd period - Evan Brophey wins face-off versus Patrick O'Sullivan in Ice Dragons zone.
3:50 of 3rd period - Wrist shot by Patrick Bordeleau.
3:50 of 3rd period - Shot Misses the Net.
3:52 of 3rd period - Snap shot by Patrick Bordeleau.
3:52 of 3rd period - Shot Misses the Net.
3:54 of 3rd period - Slapshot by Matt Lashoff.
3:54 of 3rd period - Stopped by Anders Nilsson without a rebound.
3:55 of 3rd period - Ville Leino wins face-off versus Patrick O'Sullivan in Ice Dragons zone.
4:31 of 3rd period - Minor Penalty to Joe Callahan for Holding.
4:32 of 3rd period - Steven Reinprecht wins face-off versus Shean Donovan in Ice Dragons zone.
4:34 of 3rd period - Snap shot by Mark Mancari.
4:34 of 3rd period - Goal by Mark Mancari - Ice Dragons : 1 - Sewer Rats : 5.
4:35 of 3rd period - Patrick O'Sullivan wins face-off versus Steven Reinprecht in neutral zone.
4:50 of 3rd period - Snap shot by Patrick O'Sullivan.
4:50 of 3rd period - Stopped by Semyon Varlamov without a rebound.
4:51 of 3rd period - Kyle Turris wins face-off versus Kris Beech in Sewer Rats zone.
5:44 of 3rd period - Kevin Klein is hit by Kyle Quincey and loses puck.
5:56 of 3rd period - Troy Brouwer is hit by Patrick Bordeleau and loses puck.
6:03 of 3rd period - Kevin Klein is hit by John Erskine and loses puck.
6:19 of 3rd period - Off-side.
6:20 of 3rd period - Kris Beech wins face-off versus Kyle Turris in neutral zone.
6:24 of 3rd period - Icing by Nick Palmieri.
6:25 of 3rd period - Patrick O'Sullivan wins face-off versus Kyle Turris in Sewer Rats zone.
7:47 of 3rd period - Slapshot by Shean Donovan.
7:47 of 3rd period - Stopped by Semyon Varlamov without a rebound.
7:48 of 3rd period - Marc-Antoine Pouliot wins face-off versus Evan Brophey in Sewer Rats zone.
7:49 of 3rd period - Wrist shot by Oskar Osala.
7:49 of 3rd period - Stopped by Semyon Varlamov with a rebound.
7:51 of 3rd period - Wrist shot by Marc-Antoine Pouliot.
7:51 of 3rd period - Stopped by Semyon Varlamov without a rebound.
7:52 of 3rd period - Steven Reinprecht wins face-off versus Patrick O'Sullivan in Sewer Rats zone.
7:55 of 3rd period - Slapshot by Kevin Klein.
7:55 of 3rd period - Stopped by Semyon Varlamov with a rebound.
7:57 of 3rd period - Snap shot by Patrick O'Sullivan.
7:57 of 3rd period - Shot Misses the Net.
7:59 of 3rd period - Wrist shot by Kevin Klein.
7:59 of 3rd period - Stopped by Semyon Varlamov without a rebound.
8:00 of 3rd period - Steven Reinprecht wins face-off versus Patrick O'Sullivan in Sewer Rats zone.
8:09 of 3rd period - Snap shot by Alexander Radulov.
8:09 of 3rd period - Shot Misses the Net.
8:11 of 3rd period - Snap shot by Jonathan Blum.
8:11 of 3rd period - Stopped by Semyon Varlamov with a rebound.
8:25 of 3rd period - Snap shot by Ville Leino.
8:25 of 3rd period - Shot Blocked by Jonathan Blum.
8:27 of 3rd period - Wrist shot by John-Michael Liles.
8:27 of 3rd period - Shot Blocked by Jonathan Blum.
8:29 of 3rd period - Wrist shot by Nick Palmieri.
8:29 of 3rd period - Deflect By Kyle Turris.
8:29 of 3rd period - Shot Misses the Net.
8:29 of 3rd period - Puck is out of play.
8:30 of 3rd period - Kyle Turris wins face-off versus Kris Beech in Ice Dragons zone.
8:31 of 3rd period - Wrist shot by Nick Palmieri.
8:31 of 3rd period - Stopped by Anders Nilsson with a rebound.
8:33 of 3rd period - Wrist shot by Nick Palmieri.
8:33 of 3rd period - Shot Misses the Net.
8:35 of 3rd period - Slapshot by Vojtech Polak.
8:35 of 3rd period - Shot Misses the Net.
8:37 of 3rd period - Snap shot by Nick Palmieri.
8:37 of 3rd period - Stopped by Anders Nilsson with a rebound.
9:23 of 3rd period - Tyler Eckford is hit by John Lammers and loses puck.
9:33 of 3rd period - Icing by Oskar Osala.
9:34 of 3rd period - Evan Brophey wins face-off versus John Mitchell in Ice Dragons zone.
10:26 of 3rd period - Wrist shot by Vojtech Polak.
10:26 of 3rd period - Shot Misses the Net.
10:28 of 3rd period - Slapshot by Vojtech Polak.
10:28 of 3rd period - Shot Misses the Net.
10:30 of 3rd period - Snap shot by Vojtech Polak.
10:30 of 3rd period - Stopped by Anders Nilsson with a rebound.
10:32 of 3rd period - Wrist shot by Vojtech Polak.
10:32 of 3rd period - Shot Misses the Net.
11:13 of 3rd period - Minor Penalty to Patrick O'Sullivan for Roughing.
11:14 of 3rd period - Shean Donovan wins face-off versus Steven Reinprecht in Ice Dragons zone.
11:28 of 3rd period - Oskar Osala is hit by Steven Reinprecht and loses puck.
12:16 of 3rd period - Matt Lashoff is hit by Jeff Tambellini and loses puck.
13:05 of 3rd period - John Mitchell is hit by Nick Palmieri and loses puck.
13:13 of 3rd period - Penalty to Patrick O'Sullivan is over, Patrick O'Sullivan is back on ice.
13:26 of 3rd period - Shean Donovan is hit by Lars Eller.
13:47 of 3rd period - Off-side.
13:48 of 3rd period - Lars Eller wins face-off versus Kris Beech in neutral zone.
14:29 of 3rd period - Kris Beech is hit by Matt Lashoff and loses puck.
14:45 of 3rd period - Nigel Dawes is hit by Ville Leino and loses puck.
15:02 of 3rd period - Snap shot by Kyle Turris.
15:02 of 3rd period - Goal by Kyle Turris - Ice Dragons : 1 - Sewer Rats : 6.
15:03 of 3rd period - Steven Reinprecht wins face-off versus Patrick O'Sullivan in neutral zone.
15:12 of 3rd period - Wrist shot by Ville Leino.
15:12 of 3rd period - Goal by Ville Leino - Ice Dragons : 1 - Sewer Rats : 7.
15:13 of 3rd period - Steven Reinprecht wins face-off versus Alexander Radulov in neutral zone.
15:41 of 3rd period - Penalty Shot by John-Michael Liles for Sewer Rats.
15:41 of 3rd period - Deke by John-Michael Liles.
15:41 of 3rd period - Goal by John-Michael Liles - Ice Dragons : 1 - Sewer Rats : 8.
15:42 of 3rd period - Steven Reinprecht wins face-off versus Patrick O'Sullivan in neutral zone.
15:43 of 3rd period - Steven Reinprecht wins face-off versus Jeff Tambellini in Sewer Rats zone.
16:00 of 3rd period - Alexander Radulov is hit by Tim Ramholt and loses puck.
16:16 of 3rd period - Icing by Joe Callahan.
16:17 of 3rd period - Kris Beech wins face-off versus Kyle Turris in Ice Dragons zone.
16:32 of 3rd period - Wrist shot by Nigel Dawes.
16:32 of 3rd period - Deflect By Kris Beech.
16:32 of 3rd period - Shot Misses the Net.
16:32 of 3rd period - Puck is out of play.
16:33 of 3rd period - Patrick O'Sullivan wins face-off versus Steven Reinprecht in Sewer Rats zone.
16:34 of 3rd period - Snap shot by Alexander Radulov.
16:34 of 3rd period - Stopped by Semyon Varlamov without a rebound.
16:35 of 3rd period - Mark Mancari wins face-off versus Patrick O'Sullivan in Sewer Rats zone.
16:40 of 3rd period - Wrist shot by Ville Leino.
16:40 of 3rd period - Stopped by Anders Nilsson with a rebound.
16:42 of 3rd period - Slapshot by John-Michael Liles.
16:42 of 3rd period - Shot Hit the Post.
16:44 of 3rd period - Wrist shot by Ville Leino.
16:44 of 3rd period - Stopped by Anders Nilsson with a rebound.
16:46 of 3rd period - Snap shot by Ville Leino.
16:46 of 3rd period - Stopped by Anders Nilsson with a rebound.
17:26 of 3rd period - Wrist shot by Derek Dorsett.
17:26 of 3rd period - Deflect By Lars Eller.
17:26 of 3rd period - Shot Blocked by Jonathan Blum.
17:26 of 3rd period - Puck is out of play.
17:27 of 3rd period - Marc-Antoine Pouliot wins face-off versus Lars Eller in Ice Dragons zone.
17:32 of 3rd period - Wrist shot by Oskar Osala.
17:32 of 3rd period - Shot Blocked by John Erskine.
17:42 of 3rd period - Wrist shot by Derek Dorsett.
17:42 of 3rd period - Stopped by Anders Nilsson with a rebound.
17:43 of 3rd period - Minor Penalty to John Lammers for Hooking.
17:44 of 3rd period - Steven Reinprecht wins face-off versus Patrick O'Sullivan in Sewer Rats zone.
17:57 of 3rd period - Slapshot by Alexander Radulov.
17:57 of 3rd period - Stopped by Semyon Varlamov with a rebound.
18:09 of 3rd period - John-Michael Liles is hit by Oskar Osala and loses puck.
18:14 of 3rd period - Snap shot by Oskar Osala.
18:14 of 3rd period - Shot Misses the Net.
18:16 of 3rd period - Wrist shot by Kris Beech.
18:16 of 3rd period - Shot Blocked by John-Michael Liles.
19:43 of 3rd period - Penalty to John Lammers is over, John Lammers is back on ice.
Goals for this period are 0 for Ice Dragons vs 5 for Sewer Rats.
Shots for this period are 11 for Ice Dragons vs 14 for Sewer Rats.
Output by the SimonT Hockey Simulator (STHS) for François Prévost -- Original Page W3C XHTML 1.0 Valid